Map: Ruins of Endion

Players

Revolver - Winner!

  • Race: Zerg Zerg
  • League: Grandmaster

Miszu

  • Race: Terran Terran
  • League: Master

VOD

Have the link to the VOD?

Description

Time

  • Played on: April 7, 2016, 3:02 p.m.
  • Length: 8:53
Show
View Real Time Build Order
Export as new Build Order

Revolver Zerg - Winner!

Build Orders: Hatch First 

Get SALT Encoding   

  12  0:04  Drone  
  13  0:14  Overlord  
  13  0:18  Drone  
  14  0:32  Drone x2  
  16  0:37  Drone  
  17  0:53  Hatchery  
  17  0:56  Drone  
  17  1:00  Drone  
  18  1:11  Extractor  
  17  1:15  Spawning Pool  
  17  1:17  Drone  
  17  1:21  Drone  
  18  1:32  Drone  
  19  1:45  Overlord  
  19  2:03  Zergling x4  
  19  2:04  Queen x2  
  19  2:07  Drone  
  26  2:11  Metabolic Boost  
  26  2:14  Drone  
  27  2:18  Drone  
  28  2:24  Drone  
  29  2:35  Drone x2  
  31  2:46  Extractor  
  31  2:48  Queen  
  31  2:50  Overlord  
  31  2:51  Drone x2  
  35  3:00  Drone  
  35  3:03  Lair  
  36  3:14  Drone  
  36  3:15  Drone x5  
  36  3:18  Overlord, Drone  
  36  3:19  Drone  
  44  3:40  Drone x4  
  48  3:41  Hatchery  
  48  3:42  Extractor  
  48  3:43  Extractor  
  48  3:44  Extractor  
  48  3:45  Drone x2  
  48  3:48  Drone x2  
  48  3:51  Drone  
  48  3:53  Drone  
  50  3:56  Drone x2  
  52  4:05  Spire  
  51  4:11  Drone  
  51  4:12  Overlord  
  51  4:15  Overlord  
  52  4:19  Baneling Nest  
  51  4:25  Drone  
  51  4:30  Drone x5  
  57  4:31  Drone  
  58  4:43  Zergling x4  
  60  5:02  Overseer  
  60  5:06  Drone x4  
  61  5:08  Spore Crawler  
  61  5:09  Spore Crawler  
  56  5:14  Drone  
  56  5:15  Drone x5  
  59  5:23  Spore Crawler  
  59  5:24  Mutalisk x3  
  59  5:25  Mutalisk x3  
  70  5:33  Mutalisk x2  
  70  5:35  Overlord  
  74  5:39  Overlord  
  74  5:47  Infestation Pit  
  74  5:48  Overlord, Drone  
  74  5:54  Drone  
  74  5:55  Drone x6  
  82  5:57  Drone  
  82  6:03  Drone x4  
  86  6:19  Hydralisk Den  
  86  6:21  Extractor  
  86  6:23  Extractor  
  86  6:24  Drone x3  
  86  6:25  Drone x2, Evolution Chamber  
  87  6:27  Overlord x2  
  83  6:50  Zerg Missile Weapons Level 1, Muscular Augments  
  83  6:51  Hydralisk x8  
  99  7:02  Hydralisk x3  
  99  7:03  Hydralisk  
  107  7:08  Overlord  
  107  7:09  Overlord  
  107  7:15  Hydralisk  
  107  7:16  Hydralisk x2  
  107  7:21  Overlord x2  
  107  7:22  Overlord  
  113  7:28  Hydralisk x3  
  113  7:29  Hydralisk  
  121  7:36  Hydralisk x3  
  127  7:46  Hydralisk x4  
  135  7:56  Hydralisk x3  
  141  8:04  Hydralisk x3  
  147  8:08  Overlord x2  
  147  8:12  Hydralisk  
  147  8:13  Hydralisk  
  147  8:14  Hydralisk  
  153  8:20  Overlord  
  153  8:21  Overlord  
  153  8:27  Hydralisk x4  
Show
View Real Time Build Order
Export as new Build Order

Miszu Terran 

Build Orders: Hellion Banshee 

Get SALT Encoding   

  12  0:00  SCV  
  13  0:13  SCV  
  14  0:18  Supply Depot  
  14  0:25  SCV  
  15  0:39  SCV  
  16  0:47  Barracks  
  16  0:51  SCV  
  16  0:52  Refinery  
  17  1:04  SCV  
  18  1:16  SCV  
  20  1:34  Orbital Command  
  20  1:35  Reaper  
  20  1:41  Command Center  
  20  1:49  Supply Depot  
  20  1:54  Refinery  
  20  2:00  SCV  
  21  2:09  Marine  
  21  2:12  SCV  
  21  2:14  Factory  
  23  2:24  SCV  
  23  2:29  Barracks Reactor  
  24  2:36  SCV  
  25  2:48  SCV  
  26  2:53  Orbital Command  
  26  2:59  Starport  
  26  3:00  SCV  
  27  3:11  Hellion x2  
  27  3:12  SCV  
  32  3:14  Barracks Tech Lab  
  32  3:19  SCV  
  33  3:24  SCV  
  34  3:31  SCV  
  34  3:32  Hellion  
  34  3:33  Hellion  
  39  3:36  SCV  
  39  3:43  Cloaking Field, SCV, Banshee  
  39  3:44  Supply Depot  
  43  3:48  SCV  
  43  3:55  SCV, Armory  
  44  4:01  SCV  
  46  4:06  Hellion x2  
  46  4:08  Supply Depot, SCV  
  51  4:13  SCV  
  52  4:21  SCV  
  53  4:30  Hellion x2, Banshee  
  60  4:32  Supply Depot  
  60  4:39  SCV x2  
  62  4:47  Refinery  
  62  4:48  Refinery  
  62  4:49  Command Center  
  62  4:53  SCV  
  62  4:55  Starport x2  
  62  4:56  SCV  
  64  5:05  SCV  
  65  5:09  Engineering Bay  
  65  5:10  SCV  
  66  5:19  SCV  
  67  5:31  Liberator x2, SCV  
  67  5:32  SCV  
  69  5:36  Missile Turret x2  
  69  5:38  Missile Turret  
  69  5:41  Missile Turret  
  69  5:48  SCV x2  
  77  5:50  Supply Depot x2  
  77  5:51  Missile Turret  
  77  5:54  Liberator  
  77  6:00  SCV, Liberator  
  77  6:01  SCV, Orbital Command  
  78  6:12  SCV  
  78  6:13  SCV, Liberator  
  86  6:24  SCV  
  86  6:25  SCV  
  88  6:28  SCV  
  92  6:34  Fusion Core  
  92  6:36  SCV  
  92  6:37  SCV  
  93  6:40  SCV  
  93  6:44  Refinery  
  90  6:47  Refinery  
  90  6:48  SCV  
  90  6:49  SCV  
  90  6:51  Liberator  
  90  6:52  SCV, Factory Reactor  
  93  6:59  Missile Turret  
  93  7:00  SCV, Missile Turret  
  94  7:01  SCV  
  94  7:04  SCV  
  98  7:12  SCV  
  98  7:13  SCV  
  102  7:16  SCV  
  102  7:17  Liberator  
  103  7:25  SCV x2  
  103  7:26  Banshee  
  103  7:27  Starport Tech Lab  
  103  7:28  SCV  
  106  7:34  Supply Depot  
  109  7:46  Liberator  
  109  7:47  SCV  
  109  7:56  Hellion, SCV x2, Banshee  
  116  8:00  Factory  
  116  8:01  Hellion  
  116  8:02  Factory  
  116  8:04  SCV  
  122  8:08  Supply Depot, SCV x2  
  124  8:16  SCV  
  124  8:19  Supply Depot  
  131  8:20  SCV  
  131  8:21  Supply Depot x2  
  131  8:23  Supply Depot  
  132  8:30  Hellion  
  132  8:31  Hellion  
Tags
 
Add a new tag
Caveats
  • Supply blocks, unpowered buildings, or Contaminate may cause inaccurate times.
  • Supply counts are checked every 10 seconds.